Map: [TLMC15] Berlingrad

Players

Cure - Winner!

  • Race: Terran Terran

TeebuL

  • Race: Protoss Protoss

Event: DreamHack SC2 Masters 2021 Winter

VOD

Have the link to the VOD?

Description

Time

  • Played on: Nov. 9, 2021, 11:28 a.m.
  • Length: 8:22

All games in this series

Show
View Real Time Build Order
Export as new Build Order

Cure Terran - Winner!

Build Orders:  

Get SALT Encoding   

  12  0:00  SCV  
  13  0:12  SCV  
  14  0:17  Supply Depot  
  14  0:24  SCV  
  15  0:39  SCV  
  15  0:40  Barracks  
  16  0:42  Refinery  
  16  0:51  SCV  
  16  0:52  Refinery  
  17  1:03  SCV  
  18  1:05  Supply Depot  
  18  1:15  SCV  
  19  1:27  Orbital Command  
  19  1:29  Reaper  
  20  1:44  Factory  
  20  1:53  SCV  
  21  2:01  Reaper  
  21  2:05  SCV  
  23  2:17  SCV  
  24  2:23  Command Center  
  24  2:29  Hellion  
  26  2:31  SCV  
  26  2:34  Barracks Reactor  
  27  2:47  Starport, SCV  
  27  2:51  Supply Depot  
  28  2:55  Widow Mine  
  30  2:59  SCV  
  31  3:12  SCV, Marine x2  
  34  3:24  Widow Mine, SCV  
  37  3:27  Viking  
  38  3:35  Orbital Command  
  38  3:36  Marine x2  
  38  3:37  SCV  
  38  3:49  SCV  
  38  3:51  Barracks  
  38  3:54  Barracks  
  39  3:57  Marine x2  
  39  4:00  Starport Tech Lab  
  39  4:02  SCV x2  
  43  4:05  Factory Tech Lab  
  43  4:15  Marine x2  
  43  4:16  SCV x2  
  47  4:28  Raven  
  47  4:30  SCV x2  
  47  4:31  Engineering Bay  
  51  4:32  Supply Depot  
  53  4:42  SCV  
  53  4:45  Supply Depot, Marine  
  54  4:46  SCV, Stimpack  
  54  4:52  Factory Reactor  
  54  4:53  Marine x3  
  54  4:54  SCV  
  54  4:55  Supply Depot  
  54  4:58  Terran Infantry Weapons Level 1  
  58  5:00  SCV  
  58  5:05  Refinery  
  58  5:06  SCV  
  60  5:14  Marine x2  
  60  5:15  Marauder  
  60  5:18  Bunker, Starport Reactor  
  60  5:20  Marauder  
  66  5:22  SCV x2  
  66  5:26  Supply Depot  
  66  5:27  Combat Shield  
  68  5:36  SCV x2  
  68  5:38  Refinery  
  68  5:41  Marauder  
  68  5:42  Marine x2  
  72  5:46  Supply Depot  
  72  5:48  Marauder  
  72  5:49  SCV x2  
  78  5:54  Supply Depot  
  78  5:57  Medivac  
  78  6:00  Medivac  
  78  6:02  Widow Mine  
  86  6:04  Widow Mine  
  86  6:08  Marauder  
  90  6:11  Marauder  
  90  6:14  Marine x2  
  90  6:17  SCV x2  
  91  6:26  Widow Mine x2  
  91  6:28  Concussive Shells  
  91  6:32  Marine  
  97  6:33  Marauder x2, Marine  
  101  6:43  Supply Depot, Medivac x2  
  101  6:44  Supply Depot  
  105  6:51  Marine  
  106  6:54  Marauder x2  
  106  6:58  SCV x2  
  110  7:05  Widow Mine x2  
  114  7:10  Supply Depot  
  114  7:11  Supply Depot  
  114  7:14  Marine  
  117  7:15  Marine  
  117  7:16  Marauder x2  
  120  7:26  Widow Mine x2  
  122  7:41  Marine x2  
  122  7:42  Marauder x2  
  123  7:49  Widow Mine x2  
Show
View Real Time Build Order
Export as new Build Order

TeebuL Protoss 

Build Orders: 1 Gate Expand, Blink Stalkers 

Get SALT Encoding   

  12  0:00  Probe  
  13  0:12  Probe  
  14  0:17  Pylon  
  14  0:24  Probe (Chrono Boost)  
  15  0:36  Probe (Chrono Boost)  
  15  0:37  Gateway  
  16  0:44  Probe (Chrono Boost)  
  16  0:49  Assimilator  
  17  0:50  Probe  
  18  1:03  Probe  
  19  1:15  Probe  
  20  1:24  Cybernetics Core  
  20  1:33  Nexus  
  20  1:36  Probe  
  21  1:45  Pylon  
  21  1:48  Probe  
  22  1:54  Assimilator  
  22  2:03  Adept (Chrono Boost)  
  22  2:05  Probe  
  25  2:17  Probe  
  25  2:22  Stargate  
  26  2:25  Adept (Chrono Boost)  
  26  2:29  Probe  
  28  2:41  Probe, Warp Gate  
  29  2:45  Probe  
  30  2:53  Adept, Probe  
  34  2:58  Probe  
  34  3:03  Twilight Council  
  35  3:05  Probe  
  35  3:09  Gateway  
  35  3:10  Probe  
  36  3:17  Probe  
  35  3:24  Probe (Chrono Boost)  
  36  3:29  Probe (Chrono Boost)  
  35  3:35  Blink (Chrono Boost)  
  35  3:40  Probe x2 (Chrono Boost)  
  37  3:47  Robotics Facility, Probe x2 (Chrono Boost)  
  39  3:55  Pylon  
  39  3:58  Probe (Chrono Boost)  
  39  4:00  Probe (Chrono Boost)  
  39  4:02  Probe (Chrono Boost)  
  41  4:08  Probe  
  43  4:13  Probe  
  44  4:20  Probe  
  45  4:27  Probe  
  42  4:35  Observer  
  42  4:37  Nexus  
  44  4:38  Probe  
  44  4:41  Stalker x2  
  44  4:45  Probe  
  49  4:47  Forge  
  49  4:50  Probe  
  50  4:57  Gateway  
  50  4:59  Gateway, Observer  
  51  5:00  Gateway, Pylon  
  51  5:01  Gateway  
  51  5:03  Probe  
  52  5:07  Stalker  
  52  5:13  Observer  
  52  5:14  Charge (Chrono Boost)  
  54  5:15  Pylon  
  54  5:18  Probe x2  
  54  5:20  Observer  
  56  5:22  Stalker  
  56  5:24  Observer  
  58  5:29  Pylon  
  58  5:30  Probe  
  58  5:34  Immortal  
  63  5:36  Probe  
  63  5:40  Protoss Ground Weapons Level 1 (Chrono Boost)  
  63  5:41  Observer  
  63  5:42  Probe  
  65  5:48  Probe  
  65  5:49  Pylon  
  66  5:57  Gateway, Probe  
  67  6:00  Gateway, Zealot x2, Sentry  
  72  6:05  Stalker  
  72  6:07  Observer  
  72  6:10  Zealot  
  74  6:11  Probe  
  74  6:12  Observer  
  74  6:14  Probe  
  75  6:18  Observer  
  75  6:24  Immortal (Chrono Boost)  
  79  6:29  Zealot x2  
  81  6:55  Zealot  
  81  6:56  Zealot x7  
  81  7:00  Immortal (Chrono Boost)  
  91  7:05  Probe x3  
  91  7:07  Shield Battery  
  98  7:17  Zealot  
  98  7:21  Pylon  
  98  7:22  Pylon  
  100  7:24  Shield Battery  
  96  7:30  Zealot x2  
  96  7:34  Zealot x3  
  78  7:54  Zealot x8  

Tags
 
Add a new tag
Caveats
  • Supply blocks, unpowered buildings, or Contaminate may cause inaccurate times.
  • Supply counts are checked every 10 seconds.